 Dungeon Crawl Stone Soup version 0.27-a0-1191-g601b473118 (webtiles) character file.

Game seed: 14566478809901235484

762 polve the Poker (level 7, -7/50 HPs)
             Began as a Demonspawn Gladiator on May 23, 2021.
             Was a Believer of Kikubaaqudgha.
             Mangled by an orc warrior
             ... wielding a +0 trident
              (17 damage)
             ... on level 5 of the Dungeon.
             The game lasted 00:04:06 (6354 turns).

polve the Poker (Demonspawn Gladiator)              Turns: 6354, Time: 00:04:07

Health: -7/50      AC:  9    Str: 14    XL:     7   Next: 51%
Magic:  7/7        EV:  6    Int: 11    God:    Kikubaaqudgha [**....]
Gold:   150        SH:  0    Dex: 15    Spells: 6/6 levels left

rFire    . . .     SeeInvis .   h - +2 short sword (venom)
rCold    . . .     Faith    .   (no shield)
rNeg     . . .     Spirit   .   f - +0 chain mail
rPois    .         Reflect  .   c - +0 helmet
rElec    .         Harm     .   (no cloak)
rCorr    .         Rampage  .   (no gloves)
Will     .....                  (boots unavailable)
Stlth    ..........             m - amulet of magic regeneration
HPRegen  0.16/turn              (no ring)
MPRegen  0.35/turn              (no ring)

@: confused, ambrosia-drunk, very slightly contaminated, invisible
A: hooves 3, demonic guardian 1, condensation shield
a: Renounce Religion, Receive Corpses


You were on level 5 of the Dungeon.
You worshipped Kikubaaqudgha.
Kikubaaqudgha was pleased with you.
You visited 1 branch of the dungeon, and saw 5 of its levels.

You collected 150 gold pieces.

Inventory:

Hand Weapons
 a - a +0 long sword
 g - a +0 spear
 h - a +2 short sword of venom (weapon)
Missiles
 d - 3 throwing nets (quivered)
Armour
 b - a +0 leather armour
 c - a +0 helmet (worn)
 f - a +0 chain mail (worn)
 j - a +0 pair of boots
Jewellery
 m - an amulet of magic regeneration (around neck)
Wands
 l - a wand of iceblast (6)
 n - a wand of acid (9)
 p - a wand of polymorph (7)
 r - a wand of digging (6)
Scrolls
 e - 5 scrolls of identify {unknown}
 i - a scroll of vulnerability {unknown}
 k - a scroll of fog {unknown}
 o - 5 scrolls of enchant armour {unknown}
 s - 4 scrolls of teleportation {unknown}
Potions
 q - 2 potions of curing
 t - a potion of berserk rage {unknown}
 u - a potion of ambrosia


   Skills:
 - Level 2.0 Fighting
 - Level 3.5 Long Blades
 + Level 7.2 Polearms
 - Level 1.7 Throwing
 - Level 2.6 Dodging


You had 6 spell levels left.
You didn't know any spells.
Your spell library contained the following spells:

 Spells                   Type           Power      Damage    Failure   Level
 Pain                     Necr           0%         1d4       100%        1
 Corpse Rot               Necr/Air       N/A        N/A       100%        2
 Poisonous Vapours        Pois/Air       0%         N/A       100%        2
 Sublimation of Blood     Necr           0%         N/A       100%        2
 Confusing Touch          Hex            0%         N/A       100%        3
 Conjure Flame            Conj/Fire      0%         6-21      100%        3
 Gell's Gravitas          Tloc           0%         N/A       100%        3
 Mephitic Cloud           Conj/Pois/Air  0%         N/A       100%        3
 Vampiric Draining        Necr           0%         2d6       100%        3
 Petrify                  Tmut/Erth      0%         N/A       100%        4
 Metabolic Englaciation   Hex/Ice        0%         N/A       100%        5
 Yara's Violent Unravell  Hex/Tmut       0%         3d3       100%        5
 Freezing Cloud           Conj/Ice/Air   0%         6-21      100%        6


Dungeon Overview and Level Annotations

Branches:
Dungeon (5/15)
 Temple: D:4-7

Altars:
Ashenzari
Cheibriados
Kikubaaqudgha
Vehumet
The Shining One

Portals:
Abyss: D:3

Annotations:
D:3 2 transporters, gus3d's ghost, amateur OpMo


Innate Abilities, Weirdness & Mutations

You have hooves in place of feet.
A weak demonic guardian rushes to your aid.
A meltable shield of frost defends you. (SH +4)


Message History

Your quasit claws the orc warrior.
Your quasit claws the orc warrior but does no damage.
Your quasit barely misses the orc.
Your quasit claws the orc. x2
Your quasit bites the orc.
Your quasit claws the orc. x2
The orc dies!
Kikubaaqudgha accepts your kill.
Your quasit bites the orc warrior but does no damage.
Your quasit claws the orc warrior but does no damage.
Your quasit claws the orc warrior.
Your quasit disappears in a puff of smoke!
It was a potion of ambrosia.
You are confused.
You feel invigorated.
The orc warrior hits you from afar with a +0 trident!
* * * LOW HITPOINT WARNING * * *
A demonic guardian appears!
It was a potion of invisibility.
You fade into invisibility!
The orc warrior hits you from afar with a +0 trident.
* * * LOW HITPOINT WARNING * * *
You are very lightly contaminated with residual magic.
Your ufetubus barely misses the orc warrior.
Your ufetubus closely misses the orc warrior.
The orc warrior hits you but does no damage.
You miss your ufetubus.
Your ufetubus closely misses the orc warrior.
Your ufetubus completely misses the orc warrior.
The orc warrior hits you with a +0 trident!
* * * LOW HITPOINT WARNING * * *
Your ufetubus hits the orc warrior but does no damage. x2
You closely miss the orc warrior.
The orc warrior is lightly wounded.
Your ufetubus hits the orc warrior but does no damage. x2
The orc warrior hits you with a +0 trident.
* * * LOW HITPOINT WARNING * * *
Your ufetubus hits the orc warrior but does no damage.
Your ufetubus closely misses the orc warrior.
The orc warrior hits you from afar with a +0 trident!
You die...
Kikubaaqudgha rasps: "You have failed me!
Welcome... death!"

#.#####..# #.# .#
#........###.###.#
##.....#.........# (
###....#.(###..#####
.# ##
##...#.####.......
#. .#
#.............####
#. #.#
#...........### #
#.###.#
#...#########
#.....# ##@5o#
#....# #....# ###
##....## #....#
##### ..###......#
#....######...##
.....>.###.#
#..####....##..##
......## .# ####
#..#####..## .....##
# #.## ##..##
)....### #.# ##...
.......# #.# ##..


You could see an orc warrior (ally target) and a friendly ufetubus (summoned).

Vanquished Creatures
  Sigmund (D:3)
  A centaur (D:5)
  A scorpion (D:4)
  A howler monkey (D:5)
  An iron imp (D:4)
  2 bullfrog skeletons
  A centaur skeleton (D:4)
  Ijyb (D:3)
  2 iguanas (D:5)
  An orc wizard (D:3)
  Terence (D:3)
  A howler monkey zombie (D:5)
  Robin (D:3)
  2 gnolls (D:3)
  5 adders
  An ufetubus (D:5)
  A worm (D:4)
  A dart slug (D:2)
  12 orcs
  8 bats
  5 endoplasms
  4 giant cockroaches
  14 goblins
  5 hobgoblins
  2 quokkas
  6 ball pythons
  5 frilled lizards
  6 kobolds
  5 rats
97 creatures vanquished.

Vanquished Creatures (collateral kills)
  A gnoll (D:3)
  An orc (D:5)
2 creatures vanquished.

Vanquished Creatures (others)
  8 plants (D:2)
8 creatures vanquished.

Grand Total: 107 creatures vanquished

Notes
Turn   | Place    | Note
-------+----------+-------------------------------------------
     0 | D:1      | polve the Demonspawn Gladiator began the quest for the Orb.
     0 | D:1      | Reached XP level 1. HP: 16/16 MP: 1/1
   560 | D:1      | Gained mutation: A meltable shield of frost defends you.
                  | (SH +4) [demonic ancestry]
   560 | D:1      | Reached XP level 2. HP: 18/22 MP: 2/2
   680 | D:1      | Found a faded altar of an unknown god.
  1194 | D:1      | Became a worshipper of Kikubaaqudgha
  1194 | D:1      | Reached * piety under Kikubaaqudgha
  1194 | D:1      | Identified Kikubaaqudgha's Collected Works on Unholy Magic
                  | (Kikubaaqudgha gifted it to you on level 1 of the Dungeon)
  1194 | D:1      | Received a gift from Kikubaaqudgha
  1482 | D:2      | Found a broken altar of Ashenzari.
  1570 | D:2      | Reached skill level 1 in Polearms
  1570 | D:2      | Gained mutation: You have large cloven feet. [demonic
                  | ancestry]
  1570 | D:2      | Reached XP level 3. HP: 27/27 MP: 3/3
  2366 | D:2      | Reached skill level 2 in Polearms
  2808 | D:3      | Noticed Sigmund
  2823 | D:3      | Killed Sigmund
  2824 | D:3      | Reached skill level 4 in Polearms
  2824 | D:3      | Gained mutation: You have hoof-like feet. [demonic
                  | ancestry]
  2824 | D:3      | Reached XP level 4. HP: 4/33 MP: 4/4
  2824 | D:3      | Reached XP level 5. HP: 4/38 MP: 5/5
  3190 | D:3      | Noticed Terence
  3221 | D:3      | Killed Terence
  3222 | D:3      | Gained mutation: A weak demonic guardian rushes to your
                  | aid. [demonic ancestry]
  3222 | D:3      | Reached XP level 6. HP: 4/44 MP: 6/6
  3586 | D:3      | Noticed Ijyb
  3594 | D:3      | Reached skill level 5 in Polearms
  3601 | D:3      | Killed Ijyb
  3712 | D:3      | Reached ** piety under Kikubaaqudgha
  3924 | D:3      | Noticed gus3d's ghost (amateur OpMo)
  3929 | D:3      | Noticed a small abomination
  4090 | D:3      | Noticed Robin
  4121 | D:3      | Killed Robin
  4392 | D:3      | Found a one-way gate to the infinite horrors of the Abyss.
  4407 | D:3      | Found a transporter.
  4408 | D:3      | Found a transporter.
  4862 | D:4      | Reached skill level 6 in Polearms
  5070 | D:4      | Gained mutation: You have hooves in place of feet. [demonic
                  | ancestry]
  5070 | D:4      | Reached XP level 7. HP: 50/50 MP: 7/7
  5080 | D:4      | Found a snail-covered altar of Cheibriados.
  5573 | D:5      | Entered Level 5 of the Dungeon
  5792 | D:5      | Found a sand-covered staircase.
  5827 | D:5      | Identified the +1 dagger of Luxury {vorpal, rF+ rCorr
                  | Str+4}
  6122 | D:5      | Reached skill level 7 in Polearms
  6299 | D:5      | Found a radiant altar of Vehumet.
  6354 | D:5      | Mangled by an orc warrior

Illustrated notes

Levels and vault maps discovered:
D:1:      shiori_arrival_oz, layout_loops_ring,
          shapermc_ecumenical_altar_totnotflames
D:2:      layout_basic, serial_forest, infiniplex_forest_clump_long,
          infiniplex_forest_clump_long, infiniplex_forest_clump_medium,
          infiniplex_forest_end_double, infiniplex_forest_clump_curved,
          infiniplex_forest_straight_3, infiniplex_forest_clump_C,
          infiniplex_forest_clump_curved, basic_altar
D:3:      layout_loops_ring, gammafunk_ghost_abyssal_escape, uniq_ijyb,
          uniq_terence, uniq_robin, uniq_sigmund
D:4:      layout_basic, chei_slow_surprise, lemuel_tele_altar
D:5:      layout_layer_cave, lemuel_doored_altar, enter_ossuary_1

Skill      XL: |  1  2  3  4  5  6  7 |
---------------+----------------------+-----
Long Blades    | 3 |  3.5
Polearms       | 1 4 6 7 |  7.2
Fighting       | |  2.0
Throwing       | |  1.7
Dodging        | |  2.6

Action                   |  1- 3 |  4- 6 |  7- 9 || total
-------------------------+-------+-------+-------++-------
Melee: Long sword        |    64 |       |       ||    64
       Short sword       |    36 |   116 |    51 ||   203
       Kick              |     5 |    33 |    14 ||    52
       Spear             |       |    17 |       ||    17
  Use: Potion            |     2 |       |     2 ||     4
 Stab: Sleeping          |     3 |       |       ||     3
Armor: Leather armour    |    25 |     1 |       ||    26
       Chain mail        |       |    59 |    25 ||    84
Dodge: Dodged            |    53 |    35 |    15 ||   103
Block: Other             |    14 |    23 |     6 ||    43
       Rpst.: Long sword |    17 |       |       ||    17

Table legend: (Time is in decaauts)
 A = Elapsed time spent in this place.
 B = Non-inter-level travel time spent in this place.
 C = Inter-level travel time spent in this place.
 D = Time resting spent in this place.
 E = Time spent auto-exploring this place.
 F = Levels seen in this place.
 G = Mean time per level.
                   A        B        C        D        E       F      G
               +--------+--------+--------+--------+--------+-----+--------+
         Total |   6364 |   6238 |    126 |      0 |   5540 |   5 | 1272.8 |
       Dungeon |   6364 |   6238 |    126 |      0 |   5540 |   5 | 1272.8 |
               +--------+--------+--------+--------+--------+-----+--------+

Top non-repeatable levels by time:
     D:3: 1791 daAuts
     D:2: 1551 daAuts
     D:1: 1225 daAuts
     D:4: 1014 daAuts
     D:5: 780 daAuts
